 Dungeon Crawl Stone Soup version 0.25-a0-413-g3b4b6a4 (webtiles) character file.

Game seed: 16683486739839052128, levelgen mode: deterministic

2801 2tousent the Gouger (level 9, -3/66 HPs)
             Began as a Felid Berserker on Jan 16, 2020.
             Was an Elder of Trog.
             Slain by a troll (11 damage)
             ... on level 9 of the Dungeon.
             The game lasted 00:22:24 (8303 turns).

2tousent the Gouger (Felid Berserker)               Turns: 8303, Time: 00:22:26

Health: -3/66      AC:  2    Str: 23    XL:     9   Next: 44%
Magic:  10/10      EV: 26    Int:  9    God:    Trog [****..]
Gold:   324        SH:  0    Dex: 18    Spells: 8/8 levels left
                                        Lives:  0   Deaths: 2

rFire    + . .     SeeInvis +     - Unarmed
rCold    . . .     Gourm    .   (shield unavailable)
rNeg     . . .     Faith    .   (armour unavailable)
rPois    .         Spirit   .   (helmet unavailable)
rElec    .         Reflect  .   (cloak unavailable)
rCorr    .         Harm     .   (gloves unavailable)
MR       +++..                  (boots unavailable)
Stlth    ..........             u - amulet of the acrobat
HPRegen  1.21/turn              j - ring of protection from fire
MPRegen  0.12/turn              e - +5 ring of strength

@: berserking, regenerating, very quick
A: very small, no armour, no weapons or thrown items, stealth, claws 1, fangs 3,
see invisible, carnivore, speed 1, shaggy fur 2, slow metabolism 1, sharp paws
a: Berserk, Trog's Hand, Brothers in Arms, Renounce Religion


You were on level 9 of the Dungeon.
You worshipped Trog.
Trog was greatly pleased with you.
You were hungry.

You visited 1 branch of the dungeon, and saw 9 of its levels.

You collected 420 gold pieces.
You spent 96 gold pieces at shops.

Inventory:

Jewellery
 b - an uncursed amulet of inaccuracy
 c - an uncursed ring of teleportation
 e - a +5 ring of strength (right paw)
 j - a ring of protection from fire (left paw)
 o - a cursed -3 ring of protection
 r - an uncursed amulet of guardian spirit
 u - an amulet of the acrobat (around neck)
Wands
 x - a wand of enslavement (7)
 y - a wand of iceblast (12)
 A - a wand of disintegration (10)
Scrolls
 n - a scroll of fog
 p - a scroll of noise
 q - 3 scrolls of remove curse
 v - 2 scrolls of blinking
 z - 2 scrolls of teleportation
 B - a scroll of identify
Potions
 d - a potion of brilliance
 f - 5 potions of curing
 g - a potion of ambrosia
 h - 2 potions of berserk rage
 i - a potion of lignification
 k - 2 potions of mutation
 l - a potion of degeneration {unknown}
 m - a potion of flight
 s - 2 potions of might {unknown}
 t - 2 potions of agility
 w - a potion of heal wounds {unknown}
Comestibles
 a - 5 rations


   Skills:
 + Level 7.9 Fighting
 - Level 10.0 Dodging
 - Level 5.0 Stealth
 - Level 10.1 Unarmed Combat


You had 8 spell levels left.
You didn't know any spells.
Your spell library was empty.

Dungeon Overview and Level Annotations

Branches:
Dungeon (9/15)             Temple (0/1) D:7            Lair (0/6) D:9
    Orc: D:9-12

Altars:
Cheibriados
Fedhas
Hepliaklqana
Kikubaaqudgha
Yredelemnul
Zin

Shops:
D:4 (   D:8 ?


Innate Abilities, Weirdness & Mutations

You cannot wear armour.
You are incapable of wielding weapons or throwing items.
Your paws allow you to move quietly. (Stealth)
You have sharp claws.
You have razor-sharp teeth.
You have supernaturally acute eyesight. (SInv)
You are carnivorous and can eat meat at any time.
You cover ground quickly.
You are covered in thick fur. (AC +2)
You have a slow metabolism.
Your sharp claws are effective at attacking unaware monsters.


Message History

You start resting.
The troll is too close now for your liking.
A troll is nearby!
Your skin crawls.
You feel resistant to hostile enchantments.
You feel quite a bit more hungry.
A red film seems to cover your vision as you go berserk!
You feel yourself moving faster!
You feel mighty!
You are feeling hungry.
You are too injured to fight recklessly!
You are too injured to fight recklessly!
You are too injured to fight recklessly!
You claw the troll!
The troll is heavily wounded.
The troll bites you!
* * * LOW HITPOINT WARNING * * *
The troll claws you.
* * * LOW HITPOINT WARNING * * *
The troll claws you!
You die...

#.........#
###'####### .PPP>..
#).### P...... ##...#
..P..P. ###.# ...P.P.
######.### .......
#........# ..P....
#........#####†.P...P
#........@....†...P..
#.......T########..##
#........# #........#
##########


You could see a troll.

Vanquished Creatures
  A hornet (D:9)
  A hippogriff (D:7)
  Sigmund (D:3)
  A water moccasin (D:6)
  3 porcupines (D:9)
  An ice beast (D:7)
  2 sky beasts
  2 orc warriors
  An ogre (D:8)
  3 centaurs
  A crocodile (D:9)
  7 bullfrogs
  5 scorpions
  5 wights (D:6)
  5 killer bees (D:7)
  A howler monkey (D:9)
  2 crimson imps
  A bullfrog zombie (D:8)
  2 orc priests
  A centaur skeleton (D:4)
  3 hounds
  4 orc wizards
  Terence (D:2)
  11 worker ants
  3 hound zombies
  A hound skeleton (D:9)
  11 adders
  2 adder skeletons
  3 worms
  10 leopard geckos
  27 orcs
  3 ball pythons
  7 giant cockroaches
  8 goblins
  9 hobgoblins
  9 jackals
  4 quokkas
  A ball python skeleton (D:4)
  14 bats
  5 frilled lizards
  3 kobolds
  A leopard gecko skeleton (D:4)
  A quokka skeleton (D:8)
  8 rats
195 creatures vanquished.

Notes
Turn   | Place    | Note
-------+----------+-------------------------------------------
     0 | D:1      | 2tousent the Felid Berserker began the quest for the Orb.
     0 | D:1      | Reached XP level 1. HP: 10/10 MP: 2/2
   160 | D:1      | Reached XP level 2. HP: 7/14 MP: 3/3
  1229 | D:2      | Reached XP level 3. HP: 17/17 MP: 4/4
  1316 | D:2      | Found a glowing silver altar of Zin.
  1316 | D:2      | Found an ancient bone altar of Kikubaaqudgha.
  1319 | D:2      | Found a blossoming altar of Fedhas.
  1415 | D:2      | Reached skill level 1 in Stealth
  1595 | D:2      | Reached ** piety under Trog
  1816 | D:2      | Reached XP level 4. HP: 11/21 MP: 5/5
  1954 | D:2      | Noticed Terence
  1967 | D:2      | Killed Terence
  1967 | D:2      | Reached skill level 5 in Dodging
  2361 | D:3      | Noticed Sigmund
  2372 | D:3      | Killed Sigmund
  2372 | D:3      | Reached XP level 5. HP: 25/25 MP: 6/6
  2372 | D:3      | Gained mutation: You are covered in thick fur. (AC +2)
                  | [Felid growth]
  2372 | D:3      | Reached XP level 6. HP: 28/28 MP: 7/7
  2550 | D:3      | Reached skill level 5 in Unarmed Combat
  2810 | D:3      | Reached *** piety under Trog
  3459 | D:4      | Found a basalt altar of Yredelemnul.
  3775 | D:4      | You fall into a shaft and drop 1 floor!
  3775 | D:5      | Entered Level 5 of the Dungeon
  3826 | D:5      | Reached XP level 7. HP: 24/33 MP: 8/8
  3922 | D:5      | Slain by an orc
  3923 | D:5      | Reached XP level 6. HP: -2/29 MP: 7/7
  4200 | D:4      | Reached skill level 5 in Stealth
  4208 | D:4      | Reached XP level 7. HP: 19/33 MP: 8/8
  4361 | D:4      | Reached **** piety under Trog
  4438 | D:4      | Reached skill level 5 in Fighting
  4519 | D:4      | Found Ycwoff's Weapon Shoppe.
  5380 | D:6      | Reached XP level 8. HP: 37/37 MP: 9/9
  5863 | D:6      | Found a snail-covered altar of Cheibriados.
  5938 | D:7      | Found a staircase to the Ecumenical Temple.
  5971 | D:7      | Killed from afar by an orc priest
  5972 | D:7      | Reached XP level 7. HP: -4/34 MP: 8/8
  5974 | D:7      | You fall into a shaft and drop 1 floor!
  6114 | D:7      | Reached XP level 8. HP: 39/39 MP: 9/9
  6759 | D:7      | Noticed a hippogriff
  6770 | D:7      | Killed a hippogriff
  6921 | D:8      | Reached XP level 9. HP: 33/43 MP: 10/10
  7488 | D:8      | Found Buyps's Magic Scroll Shop.
  7496 | D:8      | Bought a scroll of identify for 32 gold pieces
  7496 | D:8      | Bought a scroll of identify for 32 gold pieces
  7496 | D:8      | Bought a scroll of identify for 32 gold pieces
  7745 | D:8      | Found a hazy altar of Hepliaklqana.
  8166 | D:9      | Reached skill level 10 in Unarmed Combat
  8216 | D:9      | Found a staircase to the Lair.
  8224 | D:9      | Reached skill level 10 in Dodging
  8289 | D:9      | Noticed a troll
  8303 | D:9      | Slain by a troll

Levels and vault maps discovered:
D:1:      eino_arrival_tree_alley, layout_rooms
D:2:      layout_loops_corners, grunt_temple_overflow_open, uniq_terence
D:3:      layout_rooms, uniq_sigmund
D:4:      cheibrodos_barr_body, layout_basic, serial_shops,
          nicolae_shop_statue_plus, yredelemnul_altar_generic
D:5:      layout_rooms, first_ration
D:6:      layout_basic, lemuel_round_altar, chequers_decorated_corner
D:7:      layout_basic, minmay_temple_entry_trees
D:8:      layout_layer_cave, lemuel_round_altar, serial_shops,
          kennysheep_mini_moat
D:9:      layout_roguey, tgw_trog, minmay_lair_entry_grove,
          nicolae_dithmenos_shadow_blocks

Skill      XL: |  1  2  3  4  5  6  7  8  9 |
---------------+----------------------------+-----
Stealth        | 1 3 5 |  5.0
Dodging        | 5 6 7 9 10 | 10.0
Unarmed Combat | 4 6 7 9 10 | 10.1
Fighting       | 4 5 7 |  7.9

Action                   |  1- 3 |  4- 6 |  7- 9 || total
-------------------------+-------+-------+-------++-------
Melee: Unarmed           |   100 |   175 |   290 ||   565
       Bite              |    10 |    23 |    33 ||    66
       Punch             |     2 |     3 |    10 ||    15
Invok: Berserk           |     5 |     5 |    13 ||    23
       Trog's Hand       |       |       |     3 ||     3
  Use: Scroll            |     3 |     5 |    15 ||    23
 Stab: Sleeping          |     4 |    12 |    15 ||    31
       Distracted        |       |     1 |       ||     1
  Eat: Chunk             |     9 |    14 |    18 ||    41
Armor: Skin              |     4 |     8 |     7 ||    19
Dodge: Dodged            |    91 |   147 |   285 ||   523

Table legend:
 A = Non-vault XP
 B = Vault XP
 C = Vault XP percentage of total XP
 D = Non-vault monster count
 E = Vault monster count
 F = Vault count percentage of total count
                 A         B        C        D         E       F
            +---------+---------+-------+---------+---------+-------
      Total |    4558 |    1043 |  18.6 |     179 |      16 |   8.2
            +---------+---------+-------+---------+---------+-------
        D:1 |      34 |       0 |   0.0 |      17 |       0 |   0.0
        D:2 |      99 |      36 |  26.7 |      28 |       1 |   3.4
        D:3 |     186 |     227 |  55.0 |      36 |       1 |   2.7
        D:4 |     289 |     262 |  47.5 |      12 |      10 |  45.5
        D:5 |     214 |       0 |   0.0 |      13 |       0 |   0.0
        D:6 |    1405 |       0 |   0.0 |      24 |       0 |   0.0
        D:7 |    1358 |       0 |   0.0 |      22 |       0 |   0.0
        D:8 |     502 |       0 |   0.0 |      17 |       0 |   0.0
        D:9 |     471 |     518 |  52.4 |      10 |       4 |  28.6
            +---------+---------+-------+---------+---------+-------
